 Dungeon Crawl Stone Soup version 0.31-a0-841-g038b102fc3 (webtiles) character file.

Game seed: 2162253613830236762

652 pokeman the Magician (level 7, -4/40 HPs)
             Began as a Deep Elf Hedge Wizard on Sept 27, 2023.
             Was an Initiate of Vehumet.
             Slain by a water moccasin (7 damage)
             ... on level 5 of the Dungeon.
             The game lasted 00:11:37 (5218 turns).

pokeman the Magician (Deep Elf Hedge Wizard)        Turns: 5218, Time: 00:11:38

Health: -4/40      AC:  4    Str:  7    XL:     7   Next: 28%
Magic:  11/20      EV: 13    Int: 27    God:    Vehumet [......]
Gold:   278        SH:  0    Dex: 14    Spells: 10/21 levels left

rFire   . . .        o - +2 whip (venom)
rCold   . . .        (no shield)
rNeg    . . .        b - +0 robe
rPois   .            c - +0 hat
rElec   .            s - +0 cloak
rCorr   .            (no gloves)
SInv    .            e - +0 pair of boots
Will    .....        (no amulet)
Stlth   ++           w - ring of wizardry
HPRegen 0.26/turn    y - +6 ring of intelligence
MPRegen 0.17/turn

%: wizardry (x1)
@: lethally poisoned (-4 -> -17), on blink cooldown
A: no striking features
a: Renounce Religion


You were on level 5 of the Dungeon.
You worshipped Vehumet.
Vehumet was noncommittal.
You visited 1 branch of the dungeon, and saw 5 of its levels.

You collected 278 gold pieces.

Inventory:

Hand Weapons
 o - a +2 whip of venom (weapon)
 r - a +3 quarterstaff of chaos
Missiles
 k - a throwing net
 v - 4 curare-tipped darts
Armour
 b - a +0 robe (worn)
 c - a +0 hat (worn)
 e - a +0 pair of boots (worn)
 s - a +0 cloak (worn)
Jewellery
 m - a ring of ice
 w - a ring of wizardry (left hand)
 y - a +6 ring of intelligence (right hand)
Wands
 z - a wand of acid (13)
Scrolls
 f - a scroll of silence {unknown}
 g - a scroll of identify {unknown}
 h - 4 scrolls of teleportation {unknown}
 j - a scroll of torment {unknown}
 l - a scroll of revelation {unknown}
 n - 2 scrolls of amnesia {unknown}
 t - a scroll of poison {unknown}
 u - a scroll of fog {unknown}
 x - a scroll of blinking {unknown}
Potions
 a - 2 potions of brilliance {unknown}
 d - 2 potions of magic
 i - 4 potions of curing
 p - a potion of heal wounds {unknown}
 q - a potion of attraction {unknown}


   Skills:
 - Level 2.0 Fighting
 + Level 1.0 Armour
 - Level 3.0 Dodging
 - Level 3.0 Stealth
 * Level 7.9 Spellcasting
 + Level 3.9 Conjurations
 - Level 1.1 Summonings
 - Level 1.1 Translocations
 - Level 1.0 Air Magic
 + Level 2.5 Earth Magic
 - Level 1.0 Poison Magic


You had 10 spell levels left.
You knew the following spells:

 Your Spells              Type           Power      Damage    Failure   Level
a - Magic Dart            Conj           100%       1d8       1%          1
b - Mephitic Cloud        Conj/Pois/Air  21%        N/A       2%          3
c - Call Imp              Summ           32%        N/A       1%          2
d - Blink                 Tloc           32%        N/A       1%          2
e - Stone Arrow           Conj/Erth      56%        3d10      1%          3

Your spell library contained the following spells:

 Spells                   Type           Power      Damage    Failure   Level
 Shock                    Conj/Air       96%        1d9       1%          1
 Sting                    Tmut/Pois      52%        1d5       1%          1
 Slow                     Hex            40%        N/A       2%          1
 Cigotuvi's Dreadful Rot  Necr/Pois/Air  28%        N/A       2%          2
 Dazzling Flash           Conj/Hex       42%        N/A       2%          3
 Confusing Touch          Hex            10%        N/A       6%          3
 Sigil of Binding         Hex            10%        N/A       6%          3
 Vampiric Draining        Necr           10%        2d6       6%          3
 Animate Armour           Summ/Erth      40%        N/A       11%         4
 Arcjolt                  Conj/Air       12%        1d22      21%         5
 Eringya's Noxious Bog    Tmut/Pois      6%         4d6       92%         6
 Lehudib's Crystal Spear  Conj/Erth      14%        10d5      100%        8


Dungeon Overview and Level Annotations

Branches:
Dungeon (5/15)             Temple (0/1) D:5

Altars:
Ashenzari
Elyvilon
Fedhas
Trog
Vehumet
Xom

Shops:
D:4 *[((

Annotations:
D:4 Book behind glass


Message History

Your cerulean imp hits the water moccasin but does no damage.
Casting: Magic Dart (safe; 1% risk of failure)
Confirm with . or Enter, or press ? or * to list all spells.
Aiming: Magic Dart (safe; 1% risk of failure)
Press: ? - help, Shift-Dir - straight line, f/p - water moccasin
Aim: a water moccasin (heavily wounded, ally target, 100% to hit)
The magic dart hits the water moccasin.
The water moccasin is severely wounded.
You feel sick.
Casting: Magic Dart (safe; 1% risk of failure)
Confirm with . or Enter, or press ? or * to list all spells.
Aiming: Magic Dart (safe; 1% risk of failure)
Press: ? - help, Shift-Dir - straight line, f/p - water moccasin
Aim: a water moccasin (severely wounded, ally target, 100% to hit)
The magic dart hits the water moccasin.
The water moccasin is severely wounded.
You feel sick.
Casting: Magic Dart (safe; 1% risk of failure)
Confirm with . or Enter, or press ? or * to list all spells.
Aiming: Magic Dart (safe; 1% risk of failure)
Press: ? - help, Shift-Dir - straight line, f/p - water moccasin
Aim: a water moccasin (severely wounded, ally target, 100% to hit)
The magic dart hits the water moccasin.
The water moccasin is severely wounded.
You feel sick. The water moccasin bites you.
* * * LOW HITPOINT WARNING * * *
You are lethally poisoned!
The water moccasin poisons you!
Casting: Magic Dart (safe; 1% risk of failure)
Confirm with . or Enter, or press ? or * to list all spells.
Aiming: Magic Dart (safe; 1% risk of failure)
Press: ? - help, Shift-Dir - straight line, f/p - water moccasin
Aim: a water moccasin (severely wounded, ally target, 100% to hit)
The magic dart hits the water moccasin.
The water moccasin is almost dead.
* * * LOW HITPOINT WARNING * * *
You feel very sick.
Your cerulean imp barely misses the water moccasin.
The water moccasin bites you!
You die...

#.................#......
#..........#.............
###........................
####....########..............
#......## #..............
#..._..#########...........>..
#...8_.#.......#..............
##.._..#.#.#.#................
#........5.S@..#.............
#########.#.#.###....... ...
#.....# #####.####.# ##.##.#
........# #. ..# ......... ##
#.. ......... ## ........>
.......<. .........


You could see a water moccasin (ally target) and a friendly cerulean imp
(summoned).

Vanquished Creatures
  A howler monkey (D:4)
  2 hounds (D:5)
  A jelly (D:5)
  Crazy Yiuf (D:3)
  An orc priest (D:3)
  A gnoll bouda (D:3)
  Jessica (D:3)
  Ijyb (D:5)
  Natasha (twice) (D:3)
  An orc wizard (D:5)
  7 gnolls (D:3)
  10 adders
  A shadow imp (D:5)
  An ufetubus (D:4)
  2 worms
  3 dart slugs
  10 orcs
  10 ball pythons
  8 endoplasms
  12 giant cockroaches
  11 hobgoblins
  3 jackals (D:1)
  6 kobolds
  6 quokkas
  3 bats
  4 frilled lizards
  7 goblins
  4 rats
120 creatures vanquished.

Vanquished Creatures (collateral kills)
  A gnoll (D:3)
1 creature vanquished.

Grand Total: 121 creatures vanquished

Notes
Turn   | Place    | Note
-------+----------+-------------------------------------------
     0 | D:1      | pokeman the Deep Elf Hedge Wizard began the quest for the
                  | Orb.
     0 | D:1      | Reached XP level 1. HP: 10/10 MP: 7/7
   222 | D:1      | Reached XP level 2. HP: 16/16 MP: 3/9
   998 | D:1      | Reached skill level 5 in Spellcasting
  1262 | D:2      | Reached XP level 3. HP: 20/20 MP: 2/11
  1266 | D:2      | Learned a level 3 spell: Mephitic Cloud
  1269 | D:2      | Learned a level 2 spell: Call Imp
  1272 | D:2      | Learned a level 2 spell: Blink
  1466 | D:2      | Reached skill level 1 in Fighting
  1466 | D:2      | Reached skill level 1 in Armour
  1513 | D:2      | Learned a level 3 spell: Stone Arrow
  1717 | D:2      | Reached XP level 4. HP: 25/25 MP: 11/13
  2470 | D:3      | Noticed Natasha
  2481 | D:3      | Killed Natasha
  2482 | D:3      | Reached skill level 6 in Spellcasting
  2482 | D:3      | Reached XP level 5. HP: 19/29 MP: 8/15
  2662 | D:3      | Noticed Natasha
  2664 | D:3      | Killed Natasha
  2771 | D:3      | Reached skill level 1 in Poison Magic
  3140 | D:3      | Noticed Jessica
  3149 | D:3      | Killed Jessica
  3150 | D:3      | Reached skill level 1 in Earth Magic
  3217 | D:3      | Reached skill level 1 in Air Magic
  3217 | D:3      | Reached XP level 6. HP: 34/34 MP: 12/17
  3658 | D:3      | Found a runed translucent door.
  3659 | D:3      | Noticed Crazy Yiuf
  3699 | D:3      | Killed Crazy Yiuf
  3700 | D:3      | Reached skill level 7 in Spellcasting
  4300 | D:4      | Found Ekied's Antique Armour Boutique.
  4303 | D:4      | Found Moodugy's Antique Weapon Boutique.
  4304 | D:4      | Found Domaheadgh's Antique Weapon Boutique.
  4305 | D:4      | Found Ubaamin's General Store.
  4333 | D:4      | Found a radiant altar of Vehumet.
  4341 | D:4      | Became a worshipper of Vehumet
  4357 | D:4      | Found a shimmering altar of Xom.
  4685 | D:5      | Entered Level 5 of the Dungeon
  4685 | D:5      | Found a white marble altar of Elyvilon.
  4707 | D:5      | Reached XP level 7. HP: 30/39 MP: 10/20
  4786 | D:5      | Found a staircase to the Ecumenical Temple.
  4864 | D:5      | Noticed Ijyb
  4897 | D:5      | Killed Ijyb
  5175 | D:5      | Got a leatherbound book
  5199 | D:5      | Found a bloodstained altar of Trog.
  5200 | D:5      | Found a broken altar of Ashenzari.
  5200 | D:5      | Found a blossoming altar of Fedhas.
  5218 | D:5      | Slain by a water moccasin

Illustrated notes

Levels and vault maps discovered:
D:1:      dpeg_arrival_brainrot, layout_basic, serial_forest,
          infiniplex_forest_clump_diagonal, infiniplex_forest_end_1,
          infiniplex_forest_lined_3, infiniplex_forest_lined_room_,
          infiniplex_forest_straight_3, infiniplex_forest_clump_medium,
          hangedman_decor_clover_reticule
D:2:      layout_rooms, minmay_distorted
D:3:      minmay_roachtagon, layout_loops_ring, uniq_natasha,
          uniq_crazy_yiuf_cottage, uniq_jessica
D:4:      layout_cave_pools, mainiacjoe_overflow_small_starburst,
          kennysheep_mini_moat, serial_glass, glass_columns_a, glass_columns_a,
          item_on_display_a, minmay_strange_pillars, minmay_strange_pillars,
          item_on_display_a, minmay_shop_grid_forest
D:5:      layout_rooms, elyvilon_altar_5,
          chequers_temple_overflow_statue_of_worship,
          minmay_temple_entry_crystal_x, serial_glass, glass_columns_a,
          glass_columns_a, uniq_ijyb

Skill      XL: |  1  2  3  4  5  6  7 |
---------------+----------------------+-----
Spellcasting   | 5 6 7 |  7.9
Fighting       | 1 2 |  2.0
Armour         | 1 |  1.0
Conjurations   | 2 3 |  3.9
Stealth        | 3 |  3.0
Dodging        | 3 |  3.0
Poison Magic   | 1 |  1.0
Earth Magic    | 1 2 |  2.5
Air Magic      | 1 |  1.0
Summonings     | |  1.1
Translocations | |  1.1

Action                     |  1- 3 |  4- 6 |  7- 9 || total
---------------------------+-------+-------+-------++-------
  Melee: Dagger            |    14 |    31 |       ||    45
         Whip              |       |     6 |    26 ||    32
   Cast: Magic Dart        |    97 |   176 |    18 ||   291
         Mephitic Cloud    |       |     7 |     7 ||    14
         Stone Arrow       |       |     2 |       ||     2
         Call Imp          |       |     1 |     1 ||     2
         Blink             |       |       |     1 ||     1
    Use: Potion            |       |     1 |       ||     1
   Stab: Confused          |       |     6 |     1 ||     7
 Armour: Robe              |    21 |    44 |    29 ||    94
  Dodge: Dodged            |    19 |    42 |    14 ||    75

Table legend: (Time is in decaauts)
 A = Elapsed time spent in this place.
 B = Non-inter-level travel time spent in this place.
 C = Inter-level travel time spent in this place.
 D = Time resting spent in this place.
 E = Time spent auto-exploring this place.
 F = Levels seen in this place.
 G = Mean time per level.
                   A        B        C        D        E       F      G
               +--------+--------+--------+--------+--------+-----+--------+
         Total |   5218 |   5122 |     96 |    194 |   4219 |   5 | 1043.6 |
       Dungeon |   5218 |   5122 |     96 |    194 |   4219 |   5 | 1043.6 |
               +--------+--------+--------+--------+--------+-----+--------+

Top non-repeatable levels by time:
     D:3: 1600 daAuts
     D:1: 1194 daAuts
     D:4: 1023 daAuts
     D:2: 996 daAuts
     D:5: 404 daAuts
